 Dungeon Crawl Stone Soup version 0.23.2-1-ga50397a6bc (webtiles) character file.

Game seed: 15598442914649194

7426 Morbidden the Grappler (level 10, 0/84 HPs)
             Began as a Pale Draconian Gladiator on May 3, 2019.
             Was a Priest of Cheibriados.
             Slain by a yak (4 damage)
             ... on level 10 of the Dungeon.
             The game lasted 00:23:34 (9004 turns).

Morbidden the Grappler (Pale Draconian Gladiator)   Turns: 9004, Time: 00:23:35

Health: 0/84       AC: 10    Str: 26    XL:     10   Next: 93%
Magic:  13/13      EV: 16    Int: 16    God:    Cheibriados [***...]
Gold:   271        SH:  0    Dex: 20    Spells: 9/9 levels left

rFire    + . .     SeeInvis +     - Unarmed
rCold    + . .     Gourm    .   (no shield)
rNeg     . . .     Faith    .   (armour unavailable)
rPois    +         Spirit   .   a - +0 hat
rElec    +         Reflect  .   d - +0 cloak
rCorr    +         Harm     .   q - +1 pair of gloves
MR       .....                  (no boots)
Stlth    +++.......             f - amulet of regeneration
HPRegen  0.64/turn              l - ring of see invisible
MPRegen  0.13/turn              (no ring)

@: about to teleport, short of breath, resistant, flying, very slow
A: breathe steam, unfitting armour, cold-blooded, AC +7
a: Breathe Steam, Bend Time, Temporal Distortion, Renounce Religion


You were on level 10 of the Dungeon.
You worshipped Cheibriados.
Cheibriados was most pleased with you.
You were hungry.

You visited 2 branches of the dungeon, and saw 11 of its levels.

You collected 481 gold pieces.
You spent 210 gold pieces at shops.

Inventory:

Missiles
 b - 3 throwing nets (quivered)
 o - 3 tomahawks
Armour
 a - a +0 hat (worn)
 d - a +0 cloak (worn)
 q - a +1 pair of gloves (worn)
Jewellery
 f - an amulet of regeneration (around neck)
 l - a ring of see invisible (left hand)
Wands
 p - a wand of digging (10)
 u - a wand of disintegration (7)
 x - a wand of polymorph (6)
 y - a wand of paralysis (5)
 F - a wand of enslavement (5)
Scrolls
 e - 2 scrolls of amnesia {unknown}
 h - 4 scrolls of teleportation
 k - 3 scrolls of remove curse
 m - 3 scrolls of identify
 r - a scroll of random uselessness
 t - 2 scrolls of noise
 v - 2 scrolls of enchant armour {unknown}
 A - a scroll of magic mapping {unknown}
 B - a scroll of fear
 C - a scroll of fog {unknown}
 D - a scroll of blinking {unknown}
Potions
 g - 3 potions of brilliance
 i - a potion of degeneration {unknown}
 j - 2 potions of curing
 n - 2 potions of flight
 s - a potion of resistance
 z - a potion of might {unknown}
Comestibles
 c - 12 rations


   Skills:
 * Level 6.8 Fighting
 + Level 1.9 Throwing
 + Level 5.7 Dodging
 + Level 3.9 Stealth
 * Level 13.3 Unarmed Combat
 * Level 4.5 Invocations


You had 9 spell levels left.
You didn't know any spells.
Your spell library contained the following spells:

 Spells                   Type           Power        Failure   Level  Hunger
 Animate Skeleton         Necr           N/A          26%         1    ##.....
 Apportation              Tloc           #.....       26%         1    ##.....
 Confusing Touch          Hex            #.....       26%         1    ##.....
 Summon Small Mammal      Summ           #...         26%         1    ##.....
 Call Imp                 Summ           #.......     36%         2    ###....
 Call Canine Familiar     Summ           #.......     58%         3    ####...
 Summon Guardian Golem    Hex/Summ       #.......     58%         3    ####...
 Cause Fear               Hex            #.........   94%         4    #####..
 Summon Ice Beast         Ice/Summ       #.......     94%         4    #####..
 Summon Lightning Spire   Summ/Air       #.......     94%         4    #####..
 Silence                  Hex/Air        #.........   100%        5    ######.
 Yara's Violent Unravell  Hex/Tmut       #.........   100%        5    ######.
 Deflect Missiles         Chrm/Air       #.........   100%        6    #######
 Discord                  Hex            #.........   100%        8    #######


Dungeon Overview and Level Annotations

Branches:
Dungeon (10/15)            Temple (1/1) D:7            Lair (0/6) D:8
    Orc (0/2) D:10

Altars:
Ashenzari
Cheibriados
Dithmenos
Elyvilon
Fedhas
Gozag
Hepliaklqana
Kikubaaqudgha
Makhleb
Qazlal
Ru
Trog
Uskayaw
Wu Jian
Xom
Yredelemnul
Zin
The Shining One

Shops:
D:4 *   D:6 !?%*


Innate Abilities, Weirdness & Mutations

You can breathe blasts of scalding, opaque steam.
Your pale cyan-grey scales are hard. (AC +7)
You cannot fit into any form of body armour.
You are cold-blooded and may be slowed by cold attacks.


Message History

The yak is engulfed in a cloud of scalding steam.
The yak closely misses you.
Unknown command.
Unknown command.
Unknown command.
Unknown command.
Okay, then.
As you read the scroll of teleportation, it crumbles to dust.
You feel strangely unstable. The yak misses you. The yak gores you!
* * * LOW HITPOINT WARNING * * *
The yak is engulfed in a cloud of scalding steam.
The yak gores you.
* * * LOW HITPOINT WARNING * * *
Unknown command.
Unknown command.
Okay, then.
You feel better. The yak gores you!
* * * LOW HITPOINT WARNING * * *
The yak gores you.
You die...

....####.............
....#..#...#.........
#..........####......
.#.................
#........##..#.#..
##.#....#....####.
#......#.....##
#...§#......(.#
#§§..Y@........
##..§YY..>.....
#..........##.
#.............
#.............
##.#?...#....Y
####....##...
#......... #..##....


You could see 3 yaks.

Vanquished Creatures
  A two-headed ogre (D:8)
  A centaur zombie (D:10)
  2 trolls
  2 hornets (D:8)
  A hippogriff (D:8)
  Sigmund (D:3)
  A yak (D:10)
  A hungry ghost (D:10)
  Edmund (D:5)
  A water moccasin (D:8)
  2 porcupines (D:8)
  4 sky beasts
  3 black bears (D:8)
  4 ice beasts
  2 centaurs
  A crocodile (D:8)
  4 ogres
  10 bullfrogs
  Blork the orc (D:6)
  6 scorpions
  5 killer bees
  7 howler monkeys
  2 crimson imps
  6 hounds
  2 bullfrog zombies (D:9)
  Crazy Yiuf (D:5)
  An orc priest (D:8)
  2 centaur skeletons
  A jelly (D:7)
  3 bullfrog skeletons
  Natasha (thrice) (D:2)
  5 worker ants
  7 iguanas
  2 orc wizards
  A killer bee zombie (D:8)
  A hound zombie (D:7)
  A hound skeleton (D:4)
  6 gnolls
  A howler monkey skeleton (D:10)
  11 adders
  3 shadow imps
  3 oozes
  An adder skeleton (D:5)
  4 worms
  2 dart slugs
  2 leopard geckos
  13 orcs
  8 giant cockroaches
  11 goblins
  10 hobgoblins
  6 jackals
  3 quokkas
  3 ball pythons
  10 bats
  6 frilled lizards
  A jackal skeleton (D:9)
  A jackal zombie (D:7)
  3 kobolds
  2 leopard gecko skeletons
  A quokka skeleton (D:4)
  2 quokka zombies (D:8)
  5 rats
  A fungus (D:8)
218 creatures vanquished.

Vanquished Creatures (others)
  10 fungi (D:8)
  A plant (D:8)
11 creatures vanquished.

Grand Total: 229 creatures vanquished

Notes
Turn   | Place    | Note
-------+----------+-------------------------------------------
     0 | D:1      | Morbidden the Draconian Gladiator began the quest for the
                  | Orb.
     0 | D:1      | Reached XP level 1. HP: 17/17 MP: 1/1
   121 | D:1      | Reached XP level 2. HP: 19/25 MP: 2/2
   860 | D:2      | Noticed Natasha
   876 | D:2      | Killed Natasha
   876 | D:2      | Reached XP level 3. HP: 9/30 MP: 3/3
  1230 | D:2      | Reached skill level 4 in Unarmed Combat
  1230 | D:2      | Reached XP level 4. HP: 31/37 MP: 4/4
  1346 | D:2      | Noticed Natasha
  1369 | D:2      | Killed Natasha
  1624 | D:2      | Reached skill level 1 in Stealth
  1682 | D:2      | Noticed Natasha
  1692 | D:2      | Killed Natasha
  1692 | D:2      | Reached XP level 5. HP: 38/45 MP: 5/5
  2188 | D:3      | Noticed Sigmund
  2369 | D:3      | Reached skill level 5 in Unarmed Combat
  2905 | D:4      | Reached XP level 6. HP: 24/51 MP: 6/6
  3029 | D:4      | Reached skill level 6 in Unarmed Combat
  3411 | D:4      | Noticed a sky beast
  3422 | D:4      | Killed a sky beast
  3425 | D:4      | Your scales start taking on a pale cyan-grey colour.
  3425 | D:4      | Reached XP level 7. HP: 53/58 MP: 7/7
  3487 | D:4      | Found a blossoming altar of Fedhas.
  3598 | D:4      | Found Optughir's General Store.
  3660 | D:4      | Reached skill level 7 in Unarmed Combat
  4211 | D:5      | Entered Level 5 of the Dungeon
  4735 | D:5      | Found a runed translucent door.
  4736 | D:5      | Noticed Crazy Yiuf
  4849 | D:5      | Reached skill level 8 in Unarmed Combat
  4858 | D:5      | Noticed Edmund
  4884 | D:5      | Killed Edmund
  4884 | D:5      | Reached XP level 8. HP: 47/67 MP: 8/8
  5215 | D:5      | Killed Crazy Yiuf
  5310 | D:6      | Found Juesch's Magic Scroll Emporium.
  5410 | D:6      | Found Wumo's Food Shop.
  5439 | D:6      | Noticed Blork the orc
  5455 | D:6      | Killed Blork the orc
  5455 | D:6      | Reached skill level 9 in Unarmed Combat
  5469 | D:6      | Found Diellol's General Store.
  5477 | D:6      | Bought a potion of heal wounds for 75 gold pieces
  5477 | D:6      | Bought a potion of curing for 45 gold pieces
  5477 | D:6      | Bought a potion of curing for 45 gold pieces
  5477 | D:6      | Bought a potion of curing for 45 gold pieces
  5609 | D:6      | Found a white marble altar of Elyvilon.
  5660 | D:6      | Found an opulent altar of Gozag.
  5744 | D:6      | Found Zyotut's Distillery.
  6016 | D:7      | Reached skill level 5 in Fighting
  6084 | D:7      | Found a staircase to the Ecumenical Temple.
  6113 | D:7      | Reached skill level 10 in Unarmed Combat
  6148 | D:7      | Reached XP level 9. HP: 67/74 MP: 9/9
  6200 | Temple   | Entered the Ecumenical Temple
  6233 | Temple   | Became a worshipper of Cheibriados the Contemplative
  6412 | D:7      | Found a stormy altar of Qazlal.
  6495 | D:7      | Reached skill level 1 in Invocations
  6990 | D:3      | Killed Sigmund
  7125 | D:8      | Reached skill level 11 in Unarmed Combat
  7137 | D:8      | Reached * piety under Cheibriados
  7199 | D:8      | Noticed a troll
  7199 | D:8      | Noticed a two-headed ogre
  7214 | D:8      | Killed a two-headed ogre
  7214 | D:8      | Reached skill level 5 in Dodging
  7214 | D:8      | Reached XP level 10. HP: 22/83 MP: 10/12
  7214 | D:8      | Reached skill level 12 in Unarmed Combat
  7465 | D:8      | Found a staircase to the Lair.
  7475 | D:8      | Reached ** piety under Cheibriados
  7620 | D:8      | Found an opulent altar of Gozag.
  8002 | D:8      | Paralysed by a hornet for 2 turns
  8804 | D:9      | Reached skill level 13 in Unarmed Combat
  8845 | D:9      | Found a shattered altar of Ashenzari.
  8845 | D:9      | Found a shimmering altar of Xom.
  8845 | D:9      | Found an ancient bone altar of Kikubaaqudgha.
  8889 | D:10     | Entered Level 10 of the Dungeon
  8905 | D:10     | Reached *** piety under Cheibriados
  8954 | D:10     | Found a staircase to the Orcish Mines.
  9004 | D:10     | HP: 4/84 [yak (13)]
  9004 | D:10     | Slain by a yak

Skill      XL: |  1  2  3  4  5  6  7  8  9 10 |
---------------+-------------------------------+-----
Dodging        | 3 4 5 |  5.7
Unarmed Combat | 4 5 6 8 10 11 13 | 13.3
Fighting       | 3 4 5 6 |  6.8
Stealth        | 1 2 3 |  3.9
Invocations    | 2 4 |  4.5
Throwing       | |  1.9

Action                   |  1- 3 |  4- 6 |  7- 9 | 10-12 || total
-------------------------+-------+-------+-------+-------++-------
Melee: Unarmed           |    78 |   227 |   178 |   147 ||   630
       Tailslap          |     7 |    25 |    30 |    36 ||    98
       Punch             |     2 |     6 |     2 |    10 ||    20
 Abil: Breathe Steam     |       |       |    49 |    30 ||    79
Evoke: Wand              |       |       |       |     1 ||     1
  Use: Potion            |     2 |       |     2 |    10 ||    14
       Scroll            |       |     4 |     5 |     5 ||    14
 Stab: Sleeping          |     3 |     4 |     2 |     1 ||    10
       Distracted        |       |     1 |       |       ||     1
  Eat: Chunk             |     1 |     7 |    11 |     5 ||    24
       Ration            |       |       |     2 |     1 ||     3
Armor: Skin              |    15 |    50 |    53 |    48 ||   166
Dodge: Dodged            |    63 |   149 |   124 |   121 ||   457
